 Dungeon Crawl Stone Soup version 0.21-a0-510-g5070ee8bc0 (webtiles) character file.

67 Kaname the Conjurer (level 4, 30/30 HPs)
             Began as a Demonspawn Wizard on Dec 1, 2017.
             Quit the game on level 3 of the Dungeon.
             The game lasted 00:03:41 (1925 turns).

Kaname the Conjurer (Demonspawn Wizard)             Turns: 1925, Time: 00:03:42

Health: 30/30      AC:  5    Str:  8    XL:     4   Next: 0%
Magic:  1/8        EV: 12    Int: 24    God:
Gold:   106        SH:  0    Dex: 11    Spells: 3/9 levels left

rFire    . . .     SeeInvis .   h - +0 spear
rCold    . . .     Gourm    .   (no shield)
rNeg     . . .     Faith    .   a - +0 robe
rPois    .         Spirit   .   b - +0 hat
rElec    .         Reflect  .   (no cloak)
rCorr    .         Harm     .   f - +0 pair of gloves
MR       .....                  (no boots)
Stlth    ++........             (no amulet)
HPRegen  0.10/turn              e - +4 ring of intelligence
MPRegen  0.11/turn              (no ring)

@: no status effects
A: slimy green scales 1, powered by death 1, spiny 1
a: no special abilities


You were on level 3 of the Dungeon.
You were not hungry.

You visited 1 branch of the dungeon, and saw 3 of its levels.

You collected 106 gold pieces.

Inventory:

Hand Weapons
 h - a +0 spear (weapon)
Armour
 a - a +0 robe (worn)
 b - a +0 hat (worn)
 f - a +0 pair of gloves (worn)
Jewellery
 e - a +4 ring of intelligence (left hand)
 v - an uncursed ring of magical power {unknown}
Wands
 t - a wand of flame (11)
Scrolls
 g - a scroll of random uselessness {unknown}
 k - a scroll of identify {unknown}
 l - a scroll of fog {unknown}
 n - a scroll of amnesia {unknown}
 u - a scroll of remove curse {unknown}
 w - a scroll of enchant armour {unknown}
Potions
 i - a potion of agility {unknown}
 m - 2 potions of flight {unknown}
 o - a potion of curing {unknown}
 q - a potion of cancellation {unknown}
 r - a potion of haste {unknown}
 s - a potion of degeneration {unknown}
Books
 c - a book of Minor Magic

   Spells                             Type                      Level
   a - Magic Dart                     Conjuration                  1
   b - Blink                          Translocation                2
   c - Call Imp                       Summoning                    2
   d - Slow                           Hexes                        2
   e - Conjure Flame                  Conjuration/Fire             3
   f - Mephitic Cloud                 Conjuration/Poison/Air       3
Comestibles
 d - a bread ration
 j - 2 meat rations
 p - a royal jelly


   Skills:
 - Level 1.7 Dodging
 - Level 1.7 Stealth
 - Level 3.0 Spellcasting
 + Level 3.3 Conjurations
   Level 1.0 Summonings
 - Level 1.0 Translocations
 - Level 1.0 Air Magic
 - Level 1.0 Poison Magic


You had 3 spell levels left.
You knew the following spells:

 Your Spells              Type           Power        Failure   Level  Hunger
a - Magic Dart            Conj           ###.         2%          1    None
b - Blink                 Tloc           N/A          11%         2    ##.....
c - Mephitic Cloud        Conj/Pois/Air  ##......     16%         3    ###....


Dungeon Overview and Level Annotations

Branches:
Dungeon (3/15)

Altars:


Innate Abilities, Weirdness & Mutations

You are partially covered in slimy green scales. (AC +2)
You regenerate a little health from kills.
You are partially covered in sharp spines.


Message History

The bat is struck by your spines. The bat closely misses you.
You hit the bat but do no damage.
The bat is moderately wounded.
The bat hits you but does no damage. The bat closely misses you.
You barely miss the bat.
The bat is moderately wounded.
The bat closely misses you. The bat hits you but does no damage.
You hit the bat.
The bat is heavily wounded.
The bat barely misses you.
Attack whom?
Press: ? - help, Dir - move target cursor, f/p - bat
Aim: a bat (heavily wounded)
You reach to attack!
You hit the bat.
You kill the bat!
You have reached level 4!
You feel stronger.
Your demonic ancestry asserts itself...
Slimy green scales grow over part of your body.
Are you sure you want to abandon this character and quit the game? (Confirm with "yes".)

.......# # # # ###....#
# # #....# #. # #
#....#.#.#########.# #
#....#.............#
####.# #.........!..
#.# ##...####### #.#
#..........#
#.#####....@...#$#
##..............#
#†....###....†..#
......................
#####.....######....###
+....... .....#
#.....### .....#
#.....# .....# #.....#


There were no monsters in sight!

Vanquished Creatures
  An adder (D:2)
  4 worms
  A dart slug (D:3)
  An orc (D:3)
  7 bats
  A giant cockroach (D:1)
  5 hobgoblins
  6 jackals
  A quokka (D:3)
  A ball python (D:2)
  A frilled lizard (D:2)
  3 goblins
  6 kobolds
  5 rats
43 creatures vanquished.

Notes
Turn   | Place    | Note
-------+----------+-------------------------------------------
     0 | D:1      | Kaname the Demonspawn Wizard began the quest for the Orb.
     0 | D:1      | Reached XP level 1. HP: 13/13 MP: 4/4
   271 | D:1      | Gained mutation: You are partially covered in sharp spines. [demonic ancestry]
   271 | D:1      | Reached XP level 2. HP: 15/19 MP: 1/6
   607 | D:1      | Learned a level 2 spell: Blink
   980 | D:2      | Reached skill level 1 in Translocations
   980 | D:2      | Gained mutation: You regenerate a little health from kills. [demonic ancestry]
   980 | D:2      | Reached XP level 3. HP: 8/24 MP: 0/7
   985 | D:2      | Learned a level 3 spell: Mephitic Cloud
  1221 | D:2      | Reached skill level 1 in Air Magic
  1790 | D:3      | Reached skill level 1 in Poison Magic
  1924 | D:3      | Gained mutation: You are partially covered in slimy green scales. (AC +2) [demonic ancestry]
  1924 | D:3      | Reached XP level 4. HP: 30/30 MP: 1/8
  1925 | D:3      | Quit the game

Vault maps used:
D:1:      matt_arrival_refuge
D:3:      nicolae_ru_path_of_blood, grunt_gozag_statues, uniq_natasha

Skill      XL: |  1  2  3 |
---------------+----------+-----
Conjurations   | 2 3 |  3.3
Translocations | 1 |  1.0
Air Magic      | 1 |  1.0
Poison Magic   | 1 |  1.0
Dodging        | |  1.7
Stealth        | |  1.7
Spellcasting   | |  3.0
Summonings     | |  1.0

Action                   |  1- 3 |  4- 6 || total
-------------------------+-------+-------++-------
Melee: Unarmed           |    15 |       ||    15
       Spear             |    59 |       ||    59
 Cast: Magic Dart        |    82 |       ||    82
  Eat: Chunk             |     3 |       ||     3
Armor: Robe              |    19 |       ||    19
Dodge: Dodged            |    48 |       ||    48

Table legend:
 A = Spawn XP
 B = Non-spawn XP
 C = Spawn XP percentage of total XP
 D = Spawn monster count
 E = Non-spawn monster count
 F = Spawn count percentage of total count
 G = Total turns spent on level
                    A         B        C        D         E        F      G
               +---------+---------+-------+---------+---------+-------+---------
         Total |       0 |      97 |   0.0 |       0 |      43 |   0.0 |  1925
               +---------+---------+-------+---------+---------+-------+---------
           D:1 |       0 |      33 |   0.0 |       0 |      21 |   0.0 |   886
           D:2 |       0 |      43 |   0.0 |       0 |      14 |   0.0 |   874
           D:3 |       0 |      21 |   0.0 |       0 |       8 |   0.0 |   165
               +---------+---------+-------+---------+---------+-------+---------
